 Dungeon Crawl Stone Soup version 0.15-a0-110-gb05c47c (webtiles) character file.

99 Egon the Skirmisher (level 4, 32/37 HPs)
             Began as a Demonspawn Abyssal Knight on Apr 10, 2014.
             Was a Priest of Lugonu.
             Quit the game on Level 3 of the Dungeon.
             The game lasted 00:06:01 (2112 turns).

Egon the Skirmisher (Demonspawn Abyssal Knight)     Turns: 2112, Time: 00:06:01

HP  32/37        AC  4     Str 14      XL: 4   Next:  4%
MP   5/5         EV 10     Int 13      God: Lugonu [***...]
Gold 29          SH  0     Dex 12      Spells:  0 memorised,  3 levels left

rFire  . . .     SeeInvis .     a - +1 mace
rCold  . . .     Clarity  .     b - +0 leather armour
rNeg   . . .     Conserve .     (no shield)
rPois  .         rCorr    .     (no helmet)
rElec  .         rRot     .     e - +0 cloak (curse)
SustAb . .       Spirit   .     (no gloves)
rMut   .         Warding  .     (no boots)
Saprov + . .     Stasis   .     (no amulet)
MR     .....                    (no ring)
                                (no ring)

@: not resistant to hostile enchantments, very unstealthy
A: talons 1, powered by pain 1, saprovore 1
a: Depart the Abyss, Bend Space, Banish, Renounce Religion


You were on level 3 of the Dungeon.
You worshipped Lugonu.
Lugonu was most pleased with you.
You were not hungry.

You visited 1 branch of the dungeon, and saw 3 of its levels.
You visited the Abyss 1 time.

You collected 29 gold pieces.

Inventory:

Hand weapons
 a - a +1,+1 mace (weapon)
Armour
 b - a +0 leather armour (worn)
 e - a cursed +0 cloak (worn)
Comestibles
 c - 3 bread rations
 g - a beef jerky
 h - an apple
 k - a pear
 o - a choko
 q - a chunk of giant gecko flesh
Scrolls
 d - 5 scrolls of identify {unknown}
 l - a scroll of remove curse {unknown}
 r - a scroll of recharging {unknown}
Jewellery
 p - an uncursed amulet of stasis {unknown}
Potions
 f - 2 potions of curing {unknown}
 i - a potion of agility
 j - a potion of heal wounds {unknown}
 m - a potion of poison {unknown}
 n - 2 potions of might {unknown}
 s - a potion of berserk rage {unknown}


   Skills:
 + Level 3.9 Fighting
 + Level 3.1 Maces & Flails
 - Level 1.7 Armour
 - Level 0.8 Dodging
 - Level 2.4 Invocations


You had 3 spell levels left.
You didn't know any spells.

Dungeon Overview and Level Annotations

Branches:
Dungeon (3/15)

Altars:
Ashenzari


Innate Abilities, Weirdness & Mutations

You have sharp toenails.
You sometimes gain a little power by taking damage.
You can tolerate rotten meat.


Message History

The jackal is severely wounded.
The jackal bites you but does no damage.
You barely miss the jackal.
The jackal is severely wounded.
The jackal closely misses you.
The jackal bites you but does no damage.
You barely miss the jackal. You claw the jackal.
You kill the jackal!
Lugonu accepts your kill. The jackal bites you.
You sock the jackal!
You kill the jackal!
Lugonu accepts your kill.
No target in view!
No target in view!
You see here a jackal corpse.
You offer a prayer to Lugonu.
The jackal corpse is consumed by the void.
Lugonu is most pleased with you.
Are you sure you want to abandon this character and quit the game? (Confirm with "yes".)

#(# #.# #.# ##.######
#(###.###.######.......#
#(<.......#.........<#.#
#####.#####.####...#.#.#####
#.# #................ #.#
#'''#..###.##### #..
#...#......# ###
#≈.≈#.###### #≈@≈#.# #≈.≈#.#
#≈.≈#)# #≈.≈#.# #≈.≈#.#
#######...#######
≈≈≈≈≈≈.....≈≈≈≈≈≈.
h.......8........
≈≈≈≈≈.....≈≈≈≈≈≈


There were no monsters in sight!

Vanquished Creatures
  Jessica (D:2)
  3 giant geckos
  An ooze (D:1)
  3 giant cockroaches
  3 hobgoblins
  13 kobolds
  6 bats (D:2)
  A giant newt (D:2)
  4 goblins
  6 jackals
  3 rats
44 creatures vanquished.

Notes
Turn   | Place    | Note
--------------------------------------------------------------
     0 | Abyss:1  | Egon, the Demonspawn Abyssal Knight, began the quest for the Orb.
     0 | Abyss:1  | Reached XP level 1. HP: 18/18 MP: 1/1
    30 | D:1      | Escaped the Abyss
   372 | D:1      | Gained mutation: You can tolerate rotten meat. [demonic ancestry]
   372 | D:1      | Reached XP level 2. HP: 21/24 MP: 2/2
   798 | D:2      | Found a shattered altar of Ashenzari.
   913 | D:2      | Acquired Lugonu's second power
   954 | D:2      | Noticed Jessica
  1121 | D:2      | Killed Jessica
  1121 | D:2      | Gained mutation: You have sharp toenails. [demonic ancestry]
  1121 | D:2      | Reached XP level 3. HP: 27/29 MP: 4/4
  2020 | D:3      | Acquired Lugonu's third power
  2103 | D:3      | Gained mutation: You sometimes gain a little power by taking damage. [demonic ancestry]
  2103 | D:3      | Reached XP level 4. HP: 33/37 MP: 5/5
  2112 | D:3      | Quit the game

Action                   |  1- 3 |  4- 6 || total
-------------------------+-------+-------++-------
Melee: Mace              |   152 |     6 ||   158
